 Dungeon Crawl Stone Soup version 0.18.1-48-g4cf74bf (webtiles) character file.

2589 kosy22 the Ruffian (level 9, -2/88 HPs)
             Began as a Troll Monk on Aug 17, 2016.
             Was a Believer of Nemelex Xobeh.
             Shot with an arrow by a centaur (12 damage)
             ... on level 7 of the Dungeon.
             The game lasted 00:32:50 (5938 turns).

kosy22 the Ruffian (Troll Monk)                     Turns: 5938, Time: 00:32:50

Health: -2/88      AC:  9    Str: 31    XL:     9   Next: 33%
Magic:  18/18      EV: 13    Int:  6    God:    Nemelex Xobeh [**....]
Gold:   498        SH:  0    Dex: 12    Spells: 2 memorised, 7 levels left

rFire  . . .     SeeInvis +       - Unarmed
rCold  + . .     Gourm    +     E - +2 robe of the Sea {-Tele MP+9 Str+7 SInv}
rNeg   . . .     Faith    .     (no shield)
rPois  +         Spirit   .     (helmet restricted)
rElec  .         Dismiss  .     q - +1 cloak {rPois}
rCorr  .         Reflect  .     (gloves unavailable)
SustAt .         Harm     .     (boots unavailable)
MR     .....     NoTele   +     (no amulet)
Stlth  ++........               (no ring)
                                p - ring of protection from cold

@: not resistant to hostile enchantments, unstealthy
A: unfitting armour, claws 3, fast metabolism 3, gourmand, regeneration 2,
shaggy fur 1, tough skin 2
a: Renounce Religion


You were on level 7 of the Dungeon.
You worshipped Nemelex Xobeh.
Nemelex Xobeh was pleased with you.
You were not hungry.

You visited 2 branches of the dungeon, and saw 8 of its levels.

You collected 498 gold pieces.

Inventory:

Hand Weapons
 s - a +4 quarterstaff of chaos
 B - a +0 scythe of protection
Missiles
 o - 2 throwing nets (quivered)
 v - 31 poisoned needles
Armour
 a - a +1 robe
 q - a +1 cloak of poison resistance (worn)
 E - the +2 robe of the Sea (worn) {-Tele MP+9 Str+7 SInv}
   (You found it on level 5 of the Dungeon)

   It affects your strength (+7).
   It affects your magic capacity (+9).
   It lets you see invisible.
   It prevents most forms of teleportation.
Jewellery
 e - an uncursed ring of ice
 p - a ring of protection from cold (left claw)
Wands
 L - a wand of flame (30/48)
Scrolls
 d - a scroll of recharging {unknown}
 g - a scroll of enchant weapon {unknown}
 h - 4 scrolls of random uselessness {unknown}
 i - a scroll of noise
 m - 5 scrolls of remove curse
 n - 4 scrolls of teleportation
 r - a scroll of amnesia {unknown}
 x - 2 scrolls of identify
 y - a scroll of fog {unknown}
 A - 2 scrolls of immolation {unknown}
 F - 2 scrolls of blinking {unknown}
Potions
 f - 2 potions of cure mutation {unknown}
 j - 3 potions of degeneration
 l - 2 potions of agility {unknown}
 w - a potion of haste {unknown}
 z - a potion of resistance {unknown}
 C - 2 potions of magic {unknown}
 D - a potion of ambrosia {unknown}
 G - a potion of might {unknown}
 H - a potion of invisibility {unknown}
 I - 2 potions of curing {unknown}
 J - a potion of heal wounds {unknown}
Books
 t - a Young Poisoner's Handbook

   Spells                             Type                      Level
   a - Sting                          Conjuration/Poison           1
   b - Cure Poison                    Poison                       2
   c - Mephitic Cloud                 Conjuration/Poison/Air       3
   d - Olgreb's Toxic Radiance        Poison                       4
   e - Venom Bolt                     Conjuration/Poison           5
 u - a book of Necromancy

   Spells                             Type                      Level
   a - Pain                           Necromancy                   1
   b - Animate Skeleton               Necromancy                   1
   c - Vampiric Draining              Necromancy                   3
   d - Regeneration                   Charms/Necromancy            3
   e - Animate Dead                   Necromancy                   4
   f - Control Undead                 Necromancy                   4
Miscellaneous
 M - a plain deck of destruction {drawn: 1}
 N - a plain deck of war {drawn: 1}
Comestibles
 b - 6 bread rations
 c - 8 meat rations
 k - 8 fruits
 K - 2 chunks of flesh


   Skills:
 + Level 5.3 Fighting
 + Level 7.0 Dodging
 + Level 2.7 Stealth
 + Level 7.8 Unarmed Combat
 + Level 0.8 Spellcasting
 + Level 0.7 Conjurations
 + Level 0.7 Necromancy
 + Level 0.3 Poison Magic
 + Level 0.1 Evocations


You had 7 spell levels left.
You knew the following spells:

 Your Spells              Type           Power        Failure   Level  Hunger
a - Sting                 Conj/Pois      #...         38%         1    ##.....
b - Animate Skeleton      Necr           N/A          38%         1    ##.....


Dungeon Overview and Level Annotations

Branches:
Dungeon (7/15)             Temple (1/1) D:7

Altars:
Cheibriados
Dithmenos
Elyvilon
Kikubaaqudgha
Makhleb
Nemelex Xobeh
Qazlal
Trog
Vehumet
Xom
The Shining One

Annotations:
D:7 Dowan


Innate Abilities, Weirdness & Mutations

You are too large for most types of armour.
You have claws for hands.
Your metabolism is lightning-fast.
You like to eat raw meat.
You heal very quickly.
You are covered in fur (AC +1).
You have very tough skin (AC +2).


Message History

It bursts into flame!
The centaur shoots an arrow.
The arrow closely misses you.
You hear a splash.
Duvessa barely misses your water elemental.
Your water elemental hits Duvessa!!
Duvessa dies!
Dowan screams, "No!
Oh no!"
Dowan seems to find hidden reserves of power!
You hear a splash. x2
Your Dodging skill increases to level 7!
Your iguana skeleton bites the centaur!
You see here an arrow.
Dowan mumbles some strange words.
Dowan blinks!
The centaur unwields an uncursed shortbow of flaming.
It stops flaming.
The centaur barely misses you.
The centaur wields an uncursed shortbow of flaming.
It bursts into flame!
The centaur shoots an arrow.
The arrow hits you!
You die...
Your body disappears without a glow.

##### #.##..≈≈≈≈........
#.....#.....###.##...≈≈≈...<....
.......[.....#..#...≈≈≈≈≈.......
..................⌠...≈......###
............................##
....................###...#.####
................................
.............c...§......########
...........Z≈(#@.§§..####
#.....#..(()≈≈E...§.....#
#######..(#≈###.........#
.##....(.#.# ##..#.....#
#......eZ...# #........#
.###......!.## ####.......
.......$....# .........
###.........### #........
#.....$>...$# ####.


You could see a centaur and a friendly water elemental.

Vanquished Creatures
  Pikel (D:6)
  Sigmund (D:4)
  A hungry ghost (D:7)
  A water moccasin (D:5)
  An ice beast (D:7)
  A sky beast (D:6)
  4 ogres
  3 centaurs
  2 giant frogs
  3 wights (D:6)
  A howler monkey (D:5)
  A wasp zombie (D:7)
  A quasit (D:6)
  A hound (D:4)
  Crazy Yiuf (D:2)
  A giant frog skeleton (D:5)
  Terence (D:3)
  3 iguanas
  5 worker ants
  A hound skeleton (D:4)
  7 adders
  8 gnolls
  A shadow imp (D:6)
  An ooze (D:2)
  An adder zombie (D:5)
  3 adder skeletons
  A worm (D:6)
  2 dart slugs
  6 giant geckos
  4 orcs
  7 bats
  5 giant cockroaches
  9 goblins
  5 hobgoblins
  8 jackals
  3 quokkas
  2 ball pythons
  A giant cockroach zombie (D:5)
  2 giant gecko skeletons
  2 giant gecko zombies
  7 giant newts
  12 kobolds
  4 rats
  2 fungi (D:1)
137 creatures vanquished.

Vanquished Creatures (collateral kills)
  Duvessa (D:7)
  A worker ant (D:4)
  A giant newt (D:3)
3 creatures vanquished.

Vanquished Creatures (others)
  A crimson imp (D:6)
  An adder (D:6)
  A worm (D:6)
3 creatures vanquished.

Grand Total: 143 creatures vanquished

Notes
Turn   | Place    | Note
--------------------------------------------------------------
     0 | D:1      | kosy22 the Troll Monk began the quest for the Orb.
     0 | D:1      | Reached XP level 1. HP: 22/22 MP: 0/0
   212 | D:1      | Reached XP level 2. HP: 25/29 MP: 1/1
   871 | D:2      | Reached XP level 3. HP: 35/36 MP: 2/2
  1378 | D:2      | Noticed Crazy Yiuf
  1385 | D:2      | Killed Crazy Yiuf
  1385 | D:2      | Reached XP level 4. HP: 20/45 MP: 3/3
  1512 | D:2      | Found a burning altar of Makhleb.
  1787 | D:3      | Noticed Terence
  1800 | D:3      | Killed Terence
  1863 | D:3      | Learned a level 1 spell: Sting
  2088 | D:3      | Reached XP level 5. HP: 52/53 MP: 4/4
  2189 | D:3      | Learned a level 1 spell: Animate Skeleton
  2290 | D:3      | Found a shadowy altar of Dithmenos.
  2905 | D:4      | Reached XP level 6. HP: 58/61 MP: 5/5
  2955 | D:4      | Noticed Sigmund
  2976 | D:4      | Killed Sigmund
  2976 | D:4      | Reached skill level 5 in Unarmed Combat
  3055 | D:4      | Reached XP level 7. HP: 68/68 MP: 4/6
  3399 | D:4      | Reached skill level 5 in Dodging
  3685 | D:5      | Entered Level 5 of the Dungeon
  3726 | D:5      | Got a sheer robe
  3745 | D:5      | Identified the +2 robe of the Sea {-Tele MP+9 Str+7 SInv} (You found it on level 5 of the Dungeon)
  3872 | D:5      | Reached XP level 8. HP: 79/79 MP: 7/7
  3951 | D:5      | Found a stormy altar of Qazlal.
  3954 | D:5      | Noticed an air elemental
  5253 | D:6      | Noticed Pikel
  5283 | D:6      | Killed Pikel
  5283 | D:6      | Reached skill level 5 in Fighting
  5283 | D:6      | Reached XP level 9. HP: 88/88 MP: 9/9
  5763 | D:7      | Found an ancient bone altar of Kikubaaqudgha.
  5787 | D:7      | Found a staircase to the Ecumenical Temple.
  5849 | Temple   | Entered the Ecumenical Temple
  5866 | Temple   | Became a worshipper of Nemelex Xobeh the Trickster
  5866 | Temple   | Received a gift from Nemelex Xobeh
  5866 | Temple   | Reached * piety under Nemelex Xobeh
  5866 | Temple   | Received a gift from Nemelex Xobeh
  5866 | Temple   | Reached ** piety under Nemelex Xobeh
  5909 | D:7      | Noticed Dowan
  5916 | D:7      | Noticed Duvessa
  5936 | D:7      | Killed Duvessa
  5938 | D:7      | Shot with an arrow by a centaur

Skill      XL: |  1  2  3  4  5  6  7  8  9 |
---------------+----------------------------+-----
Dodging        | 3 4 5 6 7 |  7.0
Fighting       | 3 4 5 |  5.3
Unarmed Combat | 5 6 7 |  7.8
Stealth        | 2 |  2.7
Spellcasting   | |  0.8
Conjurations   | |  0.7
Necromancy     | |  0.7
Poison Magic   | |  0.3
Evocations     | |  0.1

Action                   |  1- 3 |  4- 6 |  7- 9 || total
-------------------------+-------+-------+-------++-------
Melee: Unarmed           |   114 |   101 |   217 ||   432
       Punch             |     3 |     2 |     7 ||    12
 Cast: Sting             |       |     2 |       ||     2
       Animate Skeleton  |       |     1 |     4 ||     5
Evoke: Deck              |       |       |     2 ||     2
  Use: Scroll            |     3 |     5 |     2 ||    10
 Stab: Sleeping          |       |     1 |     2 ||     3
  Eat: Chunk             |    16 |    17 |    24 ||    57
       Meat ration       |       |       |     1 ||     1
Armor: Robe              |    61 |    29 |    51 ||   141
Dodge: Dodged            |    86 |    60 |   126 ||   272
